 Dungeon Crawl Stone Soup version 0.24.0-13-gcf9b319 (webtiles) character file.

Game seed: 13096966677949712932, levelgen mode: deterministic

48 Bronimir the Magician (level 3, 0/24 HPs)
             Began as a Demonspawn Wizard on Mar 18, 2020.
             Succumbed to an adder's poison
             ... on level 2 of the Dungeon.
             The game lasted 00:03:19 (996 turns).

Bronimir the Magician (Demonspawn Wizard)            Turns: 996, Time: 00:03:19

Health: 0/24       AC:  2    Str:  7    XL:     3   Next: 50%
Magic:  1/7        EV: 18    Int: 25    God:
Gold:   36         SH:  0    Dex: 16    Spells: 1/8 levels left

rFire    . . .     SeeInvis .   a - +1 dagger (elec)
rCold    . . .     Gourm    .   (no shield)
rNeg     . . .     Faith    .   f - +0 robe
rPois    .         Spirit   +   b - +0 hat
rElec    .         Reflect  .   (no cloak)
rCorr    .         Harm     .   (no gloves)
MR       .....                  (no boots)
Stlth    ++++......             (no amulet)
HPRegen  0.08/turn              (no ring)
MPRegen  0.10/turn              (no ring)

@: brilliant, agile, lethally poisoned (0 -> -11), hasted, very quick
A: nightstalker 1, magic shield
a: no special abilities


You were on level 2 of the Dungeon.
You were not hungry.

You visited 1 branch of the dungeon, and saw 2 of its levels.

You collected 36 gold pieces.

Inventory:

Hand Weapons
 a - a +1 dagger of electrocution (weapon)
Missiles
 e - 43 stones (quivered)
Armour
 b - a +0 hat (worn)
 f - a +0 robe (worn)
 g - a +0 ring mail
Scrolls
 c - a scroll of fear {unknown}
 h - a scroll of remove curse {unknown}
 l - a scroll of magic mapping {unknown}
Potions
 n - a potion of lignification {unknown}
Comestibles
 d - 3 rations
 m - 2 chunks of flesh


   Skills:
 + Level 0.2 Short Blades
 * Level 0.6 Armour
 + Level 2.0 Dodging
 - Level 1.7 Stealth
 + Level 3.4 Spellcasting
 * Level 2.0 Conjurations
 * Level 0.3 Hexes
 * Level 1.4 Summonings
 + Level 0.8 Translocations


You had one spell level left.
You knew the following spells:

 Your Spells              Type           Power        Failure   Level  Hunger
a - Magic Dart            Conj           ####         1%          1    None
b - Call Imp              Summ           ####....     1%          2    #......
c - Blink                 Tloc           N/A          1%          2    #......
d - Slow                  Hex            ###.....     1%          2    #......

Your spell library contained the following spells:

 Spells                   Type           Power        Failure   Level  Hunger
 Conjure Flame            Conj/Fire      ###.....     2%          3    ###....
 Mephitic Cloud           Conj/Pois/Air  ###.....     2%          3    ###....


Dungeon Overview and Level Annotations

Branches:
Dungeon (2/15)

Altars:


Innate Abilities, Weirdness & Mutations

You are slightly more attuned to the shadows.
When hurt, damage is shared between your health and your magic reserves.


Message History

Your white imp closely misses the adder.
* * * LOW HITPOINT WARNING * * *
You feel sick.
Your white imp hits the adder.
Your white imp freezes the adder.
The adder seems to slow down.
* * * LOW HITPOINT WARNING * * *
You feel sick.
Your white imp gestures at the adder.
The puff of frost hits the adder!
The adder dies!
Your Dodging skill increases to level 2!
It was a potion of agility.
You feel agile all of a sudden.
* * * LOW HITPOINT WARNING * * *
You feel sick.
It was a potion of brilliance.
You feel clever all of a sudden.
* * * LOW HITPOINT WARNING * * *
You feel sick.
It was a potion of haste.
You feel yourself speed up.
You die...

......#.##...........#
..........รท###.......#
.####.......###.......#
#. #........##.......#
#.......###########
##......# ######.###
#.....# #.#@#.###
#.#5#.#)#>### #
#.......... ###.#.#.###
#.### #.....# #######


You could see a friendly white imp.

Vanquished Creatures
  An adder (D:2)
  A leopard gecko (D:1)
  6 bats
  6 goblins (D:1)
  3 hobgoblins (D:1)
  A kobold (D:1)
  2 quokkas (D:2)
  4 frilled lizards
  6 rats (D:1)
30 creatures vanquished.

Vanquished Creatures (collateral kills)
  An adder (D:2)
  A frilled lizard (D:2)
  A kobold (D:2)
3 creatures vanquished.

Grand Total: 33 creatures vanquished

Notes
Turn   | Place    | Note
-------+----------+-------------------------------------------
     0 | D:1      | Bronimir the Demonspawn Wizard began the quest for the Orb.
     0 | D:1      | Reached XP level 1. HP: 13/13 MP: 4/4
   172 | D:1      | Gained mutation: When hurt, damage is shared between your
                  | health and your magic reserves. [demonic ancestry]
   172 | D:1      | Reached XP level 2. HP: 19/19 MP: 6/6
   228 | D:1      | Learned a level 2 spell: Call Imp
   231 | D:1      | Learned a level 2 spell: Blink
   234 | D:1      | Learned a level 2 spell: Slow
   727 | D:2      | Gained mutation: You are slightly more attuned to the
                  | shadows. [demonic ancestry]
   727 | D:2      | Reached XP level 3. HP: 14/24 MP: 2/7
   995 | D:2      | HP: 1/24 [poisoned by an adder]
   996 | D:2      | Succumbed to an adder's poison

Levels and vault maps discovered:
D:1:      dpeg_arrival_windows_large_door, layout_loops_ring
D:2:      layout_loops_cross

Skill      XL: |  1  2  3 |
---------------+----------+-----
Conjurations   | 2 |  2.0
Dodging        | 2 |  2.0
Short Blades   | |  0.2
Armour         | |  0.6
Stealth        | |  1.7
Spellcasting   | |  3.4
Hexes          | |  0.3
Summonings     | |  1.4
Translocations | |  0.8

Action                   || total
-------------------------++-------
Melee: Dagger            ||    68
 Cast: Magic Dart        ||    31
       Call Imp          ||     1
  Use: Potion            ||     3
 Stab: Sleeping          ||     2
Armor: Robe              ||    13
Dodge: Dodged            ||    67
